 Dungeon Crawl Stone Soup version 0.30-a0-283-gf371ce1921 (webtiles) character file.

Game seed: 4039462815344573110

231 Harunobu the Trooper (level 5, 0/48 HPs)
             Began as a Minotaur Monk on Oct 17, 2022.
             Slain by a hound (3 damage)
             ... on level 5 of the Dungeon.
             The game lasted 00:04:31 (3324 turns).

Harunobu the Trooper (Minotaur Monk)                Turns: 3324, Time: 00:04:32

Health: 0/48       AC:  2    Str: 18    XL:     5   Next: 72%
Magic:  4/4        EV: 13    Int:  7    God:
Gold:   149        SH:  0    Dex: 12    Spells: 4/4 levels left

rFire   . . .      SeeInvis .    f - +1 short sword (vamp)
rCold   . . .      Faith    .    (no shield)
rNeg    . . .      Spirit   .    b - +0 robe
rPois   .          Reflect  .    (helmet restricted)
rElec   .          Harm     .    (no cloak)
rCorr   .          Rampage  .    (no gloves)
Will    .....                    (no boots)
Stlth   ++........               (no amulet)
HPRegen 0.28/turn                (no ring)
MPRegen 0.09/turn                (no ring)

@: no status effects
A: horns 2, retaliatory headbutt
a: no special abilities


You were on level 5 of the Dungeon.
You visited 1 branch of the dungeon, and saw 5 of its levels.

You collected 149 gold pieces.

Inventory:

Hand Weapons
 a - a +0 mace
 f - a +1 vampiric short sword (weapon)
Armour
 b - a +0 robe (worn)
Jewellery
 m - a ring of protection from cold
Scrolls
 g - 5 scrolls of identify {unknown}
 h - 2 scrolls of teleportation {unknown}
 i - a scroll of vulnerability {unknown}
 l - a scroll of immolation {unknown}
Potions
 c - a potion of ambrosia
 d - a potion of flight {unknown}
 e - a potion of degeneration {unknown}
 j - a potion of haste {unknown}
 n - a potion of berserk rage {unknown}
 o - a potion of curing {unknown}


   Skills:
 + Level 5.4 Fighting
 - Level 3.6 Maces & Flails
 + Level 4.9 Dodging
 + Level 3.3 Stealth


You had 4 spell levels left.
You didn't know any spells.
Your spell library contained the following spells:

 Spells                   Type           Power      Damage    Failure   Level
 Necrotise                Necr           0%         1d4       43%         1
 Sublimation of Blood     Necr           0%         N/A       56%         2
 Wereblood                Tmut           0%         N/A       56%         2
 Vampiric Draining        Necr           0%         2d6       80%         3
 Agony                    Necr           0%         N/A       100%        5
 Summon Hydra             Summ           0%         N/A       100%        7


Dungeon Overview and Level Annotations

Branches:
Dungeon (5/15)
 Temple: D:4-7

Altars:

Shops:
D:2 (   D:5 =


Innate Abilities, Weirdness & Mutations

You have a pair of horns on your head.
You reflexively headbutt those who attack you in melee.


Message History

The hound bites you.
The orc priest invokes the aid of Beogh against you.
Beogh smites you!
You hit the orc.
You feel better.
The orc is almost dead.
The hound bites you but does no damage. The hound misses you.
The orc priest barely misses you. The orc hits you but does no damage.
You hit the orc priest but do no damage.
The orc priest is moderately wounded.
The hound barely misses you. You furiously retaliate!
You headbutt the hound.
The orc priest hits you with a +0 short sword.
The orc hits you but does no damage.
You hit the orc but do no damage.
The orc is almost dead.
The hound bites you. The hound bites you but does no damage.
The orc priest hits you with a +0 short sword.
The orc hits you with a +0 whip.
* * * LOW HITPOINT WARNING * * *
You closely miss the orc.
The orc is almost dead.
The hound closely misses you. The orc hits you with a +0 whip.
* * * LOW HITPOINT WARNING * * *
The orc priest calls down the wrath of Beogh upon you.
You barely resist. You hit the orc.
You kill the orc!
The hound closely misses you. x2
The orc priest hits you with a +0 short sword.
* * * LOW HITPOINT WARNING * * *
You hit the orc priest but do no damage.
You headbutt the orc priest.
The orc priest is moderately wounded.
The hound misses you. You furiously retaliate!
You headbutt the hound, but do no damage.
The orc priest hits you with a +0 short sword.
* * * LOW HITPOINT WARNING * * *
You hit the orc priest but do no damage.
The orc priest is moderately wounded.
The hound bites you.
You die...

.... #.#.. .
...#....## ..
.........#
... ........#
....
#.......#
#..#.......#.
#...h).......
#...)@.......
#...o........
##....#.#....
###...∩.....
...# #.. .
##... #.#
#... ## ....


You could see a hound and an orc priest.

Vanquished Creatures
  An orc priest (D:5)
  2 orc wizards
  Robin (D:2)
  4 adders
  3 worms (D:2)
  A dart slug (D:1)
  6 orcs
  8 ball pythons
  9 endoplasms
  A giant cockroach (D:1)
  7 goblins
  12 hobgoblins
  2 jackals (D:1)
  A quokka (D:2)
  7 bats (D:1)
  7 frilled lizards
  9 kobolds
  7 rats
88 creatures vanquished.

Notes
Turn   | Place    | Note
-------+----------+-------------------------------------------
     0 | D:1      | Harunobu the Minotaur Monk began the quest for the Orb.
     0 | D:1      | Reached XP level 1. HP: 19/19 MP: 0/0
    73 | D:1      | Reached XP level 2. HP: 25/27 MP: 1/1
   184 | D:1      | Reached skill level 4 in Fighting
   877 | D:1      | Reached XP level 3. HP: 33/33 MP: 2/2
  1033 | D:1      | Found a faded altar of an unknown god.
  1234 | D:2      | Noticed Robin
  1298 | D:2      | Killed Robin
  1554 | D:2      | Found the +5 robe of Misfortune {Harm *Corrode *Slow EV+5}
  1808 | D:2      | Reached XP level 4. HP: 41/41 MP: 3/3
  2231 | D:2      | Found Fowuam's Weapon Shoppe.
  3084 | D:3      | Reached XP level 5. HP: 47/47 MP: 4/4
  3114 | D:3      | Reached skill level 5 in Fighting
  3277 | D:3      | You fall into a shaft and drop 1 floor!
  3307 | D:4      | HP: 1/48 [orc priest/+0 short sword (4)]
  3312 | D:5      | Entered Level 5 of the Dungeon
  3312 | D:5      | Found Jacezus's Jewellery Emporium.
  3324 | D:5      | Slain by a hound

Illustrated notes

Levels and vault maps discovered:
D:1:      minmay_arrival_four_circles, layout_loops_corners,
          shapermc_ecumenical_altar_mp_vishouse, minmay_statues_item
D:2:      minmay_inner_zag, layout_loops_corners, serial_shops,
          nicolae_shop_hallway_plus, uniq_robin
D:3:      layout_rooms, nicolae_eternal_life, uniq_ijyb
D:4:      layout_cave_pools, serial_forest, infiniplex_forest_clump_large,
          infiniplex_forest_lined_room_3, infiniplex_forest_corner_1,
          infiniplex_forest_side_room, st_stairs_1
D:5:      layout_cave_pools, gammafunk_temple_overflow_wave, serial_shops,
          nicolae_shop_crystal, portal_sewer_entry_b, uniq_edmund

Skill      XL: |  1  2  3  4  5 |
---------------+----------------+-----
Fighting       | 4 5 |  5.4
Stealth        | 2 3 |  3.3
Dodging        | 4 |  4.9
Maces & Flails | |  3.6

Action                   |  1- 3 |  4- 6 || total
-------------------------+-------+-------++-------
Melee: Mace              |    27 |       ||    27
       Headbutt          |    19 |    14 ||    33
       Short sword       |   100 |   102 ||   202
       Punch             |       |     2 ||     2
  Use: Potion            |       |     2 ||     2
 Stab: Sleeping          |     4 |     7 ||    11
Armor: Robe              |    28 |    18 ||    46
Dodge: Dodged            |    88 |    72 ||   160

Table legend: (Time is in decaauts)
 A = Elapsed time spent in this place.
 B = Non-inter-level travel time spent in this place.
 C = Inter-level travel time spent in this place.
 D = Time resting spent in this place.
 E = Time spent auto-exploring this place.
 F = Levels seen in this place.
 G = Mean time per level.
                   A        B        C        D        E       F      G
               +--------+--------+--------+--------+--------+-----+--------+
         Total |   3330 |   3297 |     33 |    945 |   1734 |   5 |  666.0 |
       Dungeon |   3330 |   3297 |     33 |    945 |   1734 |   5 |  666.0 |
               +--------+--------+--------+--------+--------+-----+--------+

Top non-repeatable levels by time:
     D:2: 1392 daAuts
     D:1: 1266 daAuts
     D:3: 624 daAuts
     D:4: 34 daAuts
     D:5: 11 daAuts
